 Dungeon Crawl Stone Soup version 0.19.1 (webtiles) character file.

89 dvd the Bolt Thrower (level 4, -6/27 HPs)
             Began as a Kobold Hunter on Dec 11, 2016.
             Mangled by Natasha (9 damage)
             ... on level 2 of the Dungeon.
             The game lasted 00:06:07 (1666 turns).

dvd the Bolt Thrower (Kobold Hunter)                Turns: 1666, Time: 00:06:08

Health: -6/27      AC:  3    Str: 10    XL:     4   Next: 84%
Magic:  4/4        EV: 15    Int: 12    God:
Gold:   94         SH:  0    Dex: 15    Spells: 0 memorised, 3 levels left

rFire  . . .     SeeInvis .     b - +0 short sword
rCold  . . .     Gourm    .     c - +0 leather armour
rNeg   . . .     Faith    .     (shield restricted)
rPois  .         Spirit   .     (no helmet)
rElec  .         Reflect  .     (no cloak)
rCorr  .         Harm     .     (no gloves)
MR     .....                    (no boots)
Stlth  ++........               (no amulet)
                                (no ring)
                                (no ring)

@: no status effects
A: carnivore 3
a: no special abilities


You were on level 2 of the Dungeon.
You were completely stuffed.

You visited 1 branch of the dungeon, and saw 3 of its levels.

You collected 94 gold pieces.

Inventory:

Hand Weapons
 a - a +1 hand crossbow
 b - a +0 short sword (weapon)
 j - a +1 dagger of venom
 t - a +2 dagger of electrocution
Missiles
 d - 24 bolts
 s - 5 tomahawks of dispersal (quivered)
Armour
 c - a +0 leather armour (worn)
 e - a +0 robe
Wands
 l - a wand of lightning (0/15)
Scrolls
 i - 2 scrolls of immolation {unknown}
 k - a scroll of fear {unknown}
 m - a scroll of identify {unknown}
 n - a scroll of teleportation {unknown}
 r - a scroll of fog {unknown}
 u - a scroll of magic mapping {unknown}
Potions
 h - a potion of heal wounds {unknown}
 p - a potion of curing {unknown}
 q - 2 potions of mutation {unknown}
Comestibles
 f - 2 meat rations
 g - a slice of pizza
 o - a chunk of flesh


   Skills:
 + Level 2.4 Fighting
 + Level 1.3 Short Blades
 + Level 6.1 Crossbows
 + Level 0.5 Armour
 + Level 3.0 Dodging
 + Level 1.9 Stealth


You had 3 spell levels left.
You didn't know any spells.

Dungeon Overview and Level Annotations

Branches:
Dungeon (3/15)

Altars:
Ashenzari
Dithmenos
Ru
Sif Muna
Trog
Uskayaw

Annotations:
D:2 Natasha


Innate Abilities, Weirdness & Mutations

You are small and have problems with some larger weapons.
You are carnivorous and can eat meat at any time.


Message History

The tomahawk of dispersal hits the shadow imp.
The shadow imp blinks!
The shadow imp is heavily wounded.
Throwing (i - inventory):
s - 7 tomahawks of dispersal (quivered)
Press: ? - help, Shift-Dir - straight line, f - Natasha, p - shadow imp
Aim: Natasha (heavily wounded)
You throw a tomahawk of dispersal.
The tomahawk of dispersal closely misses Natasha.
The shadow imp closely misses you.
Natasha mewls in sadness.
Natasha completely misses you.
Throwing (i - inventory):
s - 6 tomahawks of dispersal (quivered)
Press: ? - help, Shift-Dir - straight line, f/p - Natasha
Aim: Natasha (heavily wounded)
You throw a tomahawk of dispersal.
The tomahawk of dispersal completely misses Natasha.
The shadow imp hits you.
* * * LOW HITPOINT WARNING * * *
Natasha claws you!
You die...

#..#.####....#....
#............#.### #####
#..#.###..#..#.# ...(#
#.(.......#..#.# ....#
#...#####.#..#.# ....#####
#.(<...........# ........#
#.#((.....#...##
.....##.########h##########..#
#....##.##.....(@............####
#..†.##.##.#####5##########......
#....##.# #.# #...### .....##.#
..# ######...## ...).##.# ###
#..........# #....##.#######
#.#######..# #....##.......# #.#
#..# ##+#.###....#.# #.# #..# #(#
#....#.# #.# #..##


You could see Natasha and a shadow imp.

Vanquished Creatures
  Ijyb (D:2)
  3 adders (D:2)
  A worm (D:2)
  A leopard gecko (D:2)
  A giant cockroach (D:1)
  7 goblins
  A hobgoblin (D:2)
  3 kobolds
  A quokka (D:2)
  7 bats
  8 frilled lizards
  A rat (D:2)
35 creatures vanquished.

Notes
Turn   | Place    | Note
-------+----------+-------------------------------------------
     0 | D:1      | dvd the Kobold Hunter began the quest for the Orb.
     0 | D:1      | Reached XP level 1. HP: 12/12 MP: 1/1
   133 | D:1      | Reached skill level 5 in Crossbows
   298 | D:1      | Reached XP level 2. HP: 15/17 MP: 2/2
   707 | D:2      | Found a sacrificial altar of Ru.
   707 | D:2      | Found a deep blue altar of Sif Muna.
   709 | D:2      | Found a hide-covered altar of Uskayaw.
   710 | D:2      | Found a shadowy altar of Dithmenos.
   710 | D:2      | Found a shattered altar of Ashenzari.
   710 | D:2      | Found a bloodstained altar of Trog.
   710 | D:2      | Noticed Ijyb
   738 | D:2      | Killed Ijyb
   738 | D:2      | Reached XP level 3. HP: 12/22 MP: 3/3
  1099 | D:2      | Reached XP level 4. HP: 24/27 MP: 4/4
  1184 | D:2      | You fall through a shaft!
  1202 | D:2      | Reached skill level 1 in Short Blades
  1202 | D:2      | Reached skill level 6 in Crossbows
  1646 | D:2      | Noticed Natasha
  1666 | D:2      | Mangled by Natasha

Skill      XL: |  1  2  3  4 |
---------------+-------------+-----
Crossbows      | 5 6 |  6.1
Short Blades   | 1 |  1.3
Dodging        | 3 |  3.0
Fighting       | |  2.4
Armour         | |  0.5
Stealth        | |  1.9

Action                   |  1- 3 |  4- 6 || total
-------------------------+-------+-------++-------
Melee: Short sword       |    42 |    25 ||    67
 Fire: Hand crossbow     |    20 |    22 ||    42
Throw: Tomahawk          |       |     3 ||     3
 Stab: Sleeping          |     1 |       ||     1
  Eat: Chunk             |     7 |     4 ||    11
Armor: Leather armour    |    14 |     6 ||    20
Dodge: Dodged            |    48 |    34 ||    82
